 Dungeon Crawl Stone Soup version 0.18-a0-816-g97f838e (webtiles) character file.

143 gorblad the Ruffian (level 5, -14/53 HPs)
             Began as a Troll Monk on Dec 15, 2015.
             Demolished by an orc warrior
             ... wielding a +2 dire flail of protection
              (19 damage)
             ... on level 3 of the Dungeon.
             The game lasted 00:03:56 (1413 turns).

gorblad the Ruffian (Troll Monk)                    Turns: 1413, Time: 00:03:56

Health: -14/53     AC:  5    Str: 19    XL:     5   Next: 4%
Magic:  4/4        EV: 11    Int:  6    God:
Gold:   46         SH:  0    Dex: 13    Spells: 0 memorised, 4 levels left

rFire  + . .     SeeInvis .       - Unarmed
rCold  x . .     Clarity  .     a - +0 robe
rNeg   + . .     SustAt   .     (no shield)
rPois  .         Gourm    +     (helmet restricted)
rElec  .         Spirit   .     (no cloak)
rCorr  .         Dismiss  .     (gloves unavailable)
rMut   .         Stasis   .     (boots unavailable)
MR     .....                    (no amulet)
Stlth  +.........               m - ring of fire
                                j - ring of positive energy

@: not resistant to hostile enchantments, very unstealthy
A: unfitting armour, claws 3, fast metabolism 3, gourmand, regeneration 2,
shaggy fur 1, tough skin 2
a: no special abilities


You were on level 3 of the Dungeon.
You were very full.

You visited 1 branch of the dungeon, and saw 3 of its levels.

You collected 46 gold pieces.

Inventory:

Armour
 a - a +0 robe (worn)
Jewellery
 j - a ring of positive energy (left claw)
 m - a ring of fire (right claw)
Potions
 c - a potion of magic {unknown}
 e - 2 potions of degeneration {unknown}
 f - 2 potions of curing
 g - a potion of ambrosia {unknown}
 h - 2 potions of haste {unknown}
 k - a potion of flight {unknown}
Comestibles
 b - 3 bread rations
 d - 3 chunks of flesh
 n - 4 fruits


   Skills:
 + Level 3.3 Fighting
 + Level 3.5 Dodging
 - Level 1.1 Stealth
 + Level 4.7 Unarmed Combat


You had 4 spell levels left.
You didn't know any spells.

Dungeon Overview and Level Annotations

Branches:
Dungeon (3/15)

Altars:


Innate Abilities, Weirdness & Mutations

You are too large for most types of armour.
You have claws for hands.
Your metabolism is lightning-fast.
You like to eat raw meat.
You heal very quickly.
You are covered in fur (AC +1).
You have very tough skin (AC +2).


Message History

You are too injured to fight recklessly!
You are too injured to fight recklessly!
You are too injured to fight recklessly!
You are too injured to fight recklessly!
You are too injured to fight recklessly!
You are too injured to fight recklessly!
You are too injured to fight recklessly!
You are too injured to fight recklessly!
You are too injured to fight recklessly!
You scratch the orc warrior.
The orc warrior is moderately wounded.
The orc warrior barely misses you.
You scratch the orc warrior but do no damage.
The orc warrior is moderately wounded.
The orc warrior hits you with a dire flail of protection!
* * * LOW HITPOINT WARNING * * *
You scratch the orc warrior.
The orc warrior is moderately wounded.
The orc warrior hits you with a dire flail of protection!!
You die...

###. ...##....).....#
....###...#.####...<.#
......#.#.#.##.))....#
........#.#.##.#.....#
#....).#.#..........#
#.#.#.####)#######
#..o......<#
###o#.###### #@#.#
.............#
#.####.##.##.# #. #...
#. ###.. .. ...# #.
.## ## #


You could see an orc warrior and an orc.

Vanquished Creatures
  An orc priest (D:3)
  An adder (D:2)
  6 oozes (D:1)
  3 worms (D:2)
  A giant gecko (D:1)
  7 orcs (D:3)
  5 bats (D:1)
  5 giant cockroaches (D:1)
  6 goblins
  8 hobgoblins
  5 jackals
  7 kobolds
  A quokka (D:3)
  2 giant newts (D:2)
  9 rats
67 creatures vanquished.

Notes
Turn   | Place    | Note
--------------------------------------------------------------
     0 | D:1      | gorblad the Troll Monk began the quest for the Orb.
     0 | D:1      | Reached XP level 1. HP: 22/22 MP: 0/0
     3 | D:1      | Found a runed door.
    24 | D:1      | Reached XP level 2. HP: 26/29 MP: 1/1
    39 | D:1      | Reached XP level 3. HP: 32/36 MP: 2/2
   769 | D:2      | Reached XP level 4. HP: 43/45 MP: 3/3
  1390 | D:3      | Noticed an orc warrior
  1397 | D:3      | Reached XP level 5. HP: 48/53 MP: 4/4
  1413 | D:3      | Demolished by an orc warrior

Vault maps used:
D:1:      dpeg_arrival_caged_fury, bh_walls_and_bars
D:2:      first_bread
D:3:      ecumenical_altar_2

Action                   |  1- 3 |  4- 6 || total
-------------------------+-------+-------++-------
Melee: Unarmed           |    92 |    78 ||   170
  Use: Scroll            |       |     4 ||     4
 Stab: Sleeping          |     3 |       ||     3
  Eat: Chunk             |    12 |     6 ||    18
